cohdb
Replays
Latest Replays
All Replays
Popular Replays
Top Player Replays
Match Explorer
How It Works
Community
CoH3 Stats
Reddit
Sign in to upload your games and track your stats! →
Sign in with Steam
Match 31415863
Unlisted
Match 31415863
Overview
Messages
Build Orders
End
Panzergrenadier Squad
Selects Italian Infantry
250 Light Carrier
Panzergrenadier Squad
Panzergrenadier Squad
Selects Guastatori Squad
Selects L6/40 Light Tank Combat Group
L6/40 Light Tank Combat Group
Construct Light Support Kompanie
Assault Mechanized Group
Fire Support Elements
Selects Towed Cannone da 105/28 Field Howitzer
Towed Cannone da 105/28 Field Howitzer
Pak 38 Anti-tank Gun Team
Selects Sound the Alarm
Panzerjäger Mechanized Group
Selects Prepared Positions
Construct Panzerarmee Kommand
Komi-san
Send_Name
Princess Luna
UMirinBrah?
Karolukas
Deep Abyss Inc.
0
0
Comments
sign in to comment!
No comments posted yet!